 Dungeon Crawl Stone Soup version 0.23.2-40-g277498a001 (webtiles) character file.

Game seed: 14926510484015500525

1324 Aggronaut the Cleaver (level 8, -3/63 HPs)
             Began as a Black Draconian Berserker on Sept 27, 2019.
             Was an Elder of Trog.
             Shot with an arrow by a centaur (8 damage)
             ... on level 5 of the Dungeon.
             The game lasted 00:13:55 (5595 turns).

Aggronaut the Cleaver (Black Draconian Berserker)   Turns: 5595, Time: 00:13:55

Health: -3/63      AC:  8    Str: 21    XL:     8   Next: 33%
Magic:  8/8        EV: 13    Int:  7    God:    Trog [****..]
Gold:   224        SH:  0    Dex: 12    Spells: 7/7 levels left

rFire    . . .     SeeInvis .   a - +0 hand axe
rCold    . . .     Gourm    .   (no shield)
rNeg     . . .     Faith    .   (armour unavailable)
rPois    .         Spirit   .   (helmet restricted)
rElec    +         Reflect  .   c - +1 cloak
rCorr    .         Harm     .   (no gloves)
MR       ++...                  (no boots)
Stlth    +.........             (no amulet)
HPRegen  1.20/turn              (no ring)
MPRegen  0.11/turn              (no ring)

@: lethally poisoned (-3 -> -4), short of breath, berserk cooldown,
regenerating, slowed, very slow
A: breathe lightning, unfitting armour, electricity resistance, cold-blooded, AC
+6
a: Breathe Lightning, Berserk, Trog's Hand, Brothers in Arms, Renounce Religion


You were on level 5 of the Dungeon.
You worshipped Trog.
Trog was greatly pleased with you.
You were very hungry.

You visited 1 branch of the dungeon, and saw 5 of its levels.

You collected 224 gold pieces.

Inventory:

Hand Weapons
 a - a +0 hand axe (weapon)
Missiles
 j - 3 javelins (quivered)
Armour
 c - a +1 cloak (worn)
Jewellery
 h - an uncursed ring of protection from cold
Wands
 g - a wand of flame (13)
 o - a wand of random effects (16)
Scrolls
 d - a scroll of random uselessness {unknown}
 f - 2 scrolls of enchant armour
 k - a scroll of identify
 m - a scroll of blinking {unknown}
 n - a scroll of teleportation {unknown}
 p - 2 scrolls of remove curse {unknown}
Potions
 e - a potion of haste
 i - a potion of degeneration
 l - 2 potions of curing
 r - a potion of brilliance {unknown}
Comestibles
 b - 7 rations
 q - 5 chunks of flesh


   Skills:
 - Level 3.2 Fighting
 + Level 10.6 Axes
 - Level 2.6 Dodging


You had 7 spell levels left.
You didn't know any spells.
Your spell library was empty.

Dungeon Overview and Level Annotations

Branches:
Dungeon (5/15)
 Temple: D:4-7

Altars:
Gozag
Hepliaklqana
Kikubaaqudgha
Nemelex Xobeh
Qazlal
Trog
Uskayaw

Shops:
D:5 *


Innate Abilities, Weirdness & Mutations

You can breathe wild blasts of lightning.
Your glossy black scales are hard. (AC +6)
You cannot fit into any form of body armour.
You are resistant to electric shocks. (rElec)
You are cold-blooded and may be slowed by cold attacks.


Message History

The orc barely misses you.
You see here 2 arrows.
Okay, then.
You breathe a wild blast of lightning!
The zap hits the adder zombie.
The adder zombie is moderately damaged.
The zap hits the orc.
The orc is heavily wounded.
You feel somewhat more hungry.
You feel sick.
The adder zombie bites you but does no damage.
The gnoll barely misses you.
The centaur shoots an arrow.
The arrow misses you.
The arrow hits the adder zombie!
The orc hits you with a cursed +0 trident.
* * * LOW HITPOINT WARNING * * *
The adder zombie misses you.
Okay, then.
Your skin crawls.
You feel resistant to hostile enchantments.
You are feeling very hungry.
You feel sick.
The centaur shoots an arrow.
The arrow hits you!
You die...

............. ...
............ ....∩.
........... ......
.......... >..... #.........
. .......###.().........#..
........###...........##..##
.........##Z.g........##....
#....##...o@..........####..
#.......##...........##.#..
.#.......##.....>.....##....
.........##c..........##....
##......##...#####...#.....
##..##......# ##..........
.....#..##..####..#......#.
.#...........##....###...###
..#..............#.# #....#.


You could see a centaur, a gnoll, an orc and an adder zombie.

Vanquished Creatures
  Sigmund (D:2)
  Eustachio (D:4)
  A hornet zombie (D:5)
  2 ogres (D:4)
  2 centaurs
  A scorpion (D:5)
  A centaur zombie (D:5)
  2 hounds (D:4)
  3 orc wizards (D:4)
  An orc priest (D:5)
  A bullfrog skeleton (D:4)
  An iguana (D:4)
  3 worker ants (D:4)
  Robin (D:4)
  A gnoll (D:5)
  9 adders
  4 oozes
  2 worms (D:2)
  7 leopard geckos
  10 orcs
  9 bats
  3 giant cockroaches
  14 goblins
  8 hobgoblins
  8 jackals
  19 kobolds
  4 quokkas
  2 ball pythons
  4 frilled lizards
  10 rats
  2 bushes (D:3)
  10 plants (D:3)
147 creatures vanquished.

Notes
Turn   | Place    | Note
-------+----------+-------------------------------------------
     0 | D:1      | Aggronaut the Draconian Berserker began the quest for the
                  | Orb.
     0 | D:1      | Reached XP level 1. HP: 19/19 MP: 1/1
    34 | D:1      | Reached XP level 2. HP: 16/26 MP: 2/2
   468 | D:1      | Reached skill level 4 in Axes
  1142 | D:2      | Reached ** piety under Trog
  1142 | D:2      | Reached XP level 3. HP: 29/31 MP: 3/3
  1544 | D:2      | Reached skill level 5 in Axes
  1544 | D:2      | Reached XP level 4. HP: 38/38 MP: 4/4
  1648 | D:2      | Found a hazy altar of Hepliaklqana.
  1652 | D:2      | Found an ancient bone altar of Kikubaaqudgha.
  1652 | D:2      | Found a hide-covered altar of Uskayaw.
  1668 | D:2      | Found a bloodstained altar of Trog.
  1675 | D:2      | Found an opulent altar of Gozag.
  2290 | D:2      | Noticed Sigmund
  2300 | D:2      | Killed Sigmund
  2300 | D:2      | Reached skill level 6 in Axes
  2300 | D:2      | Reached XP level 5. HP: 45/45 MP: 5/5
  2516 | D:3      | Reached XP level 6. HP: 49/51 MP: 6/6
  2651 | D:3      | Reached *** piety under Trog
  2851 | D:3      | Reached skill level 7 in Axes
  3453 | D:4      | Noticed Eustachio
  3495 | D:4      | Killed Eustachio
  3635 | D:4      | Found a sparkling altar of Nemelex Xobeh.
  3729 | D:4      | Found a stormy altar of Qazlal.
  3732 | D:4      | Noticed a fire elemental
  3732 | D:4      | Noticed a water elemental
  3732 | D:4      | Noticed an air elemental
  3781 | D:4      | Reached skill level 8 in Axes
  3785 | D:4      | Your scales start taking on a glossy black colour.
  3785 | D:4      | Reached XP level 7. HP: 22/57 MP: 7/7
  3785 | D:4      | Gained mutation: You are resistant to electric shocks.
                  | (rElec) [Black Draconian growth]
  4296 | D:4      | Noticed Robin
  4320 | D:4      | Killed Robin
  4588 | D:4      | Reached skill level 9 in Axes
  4620 | D:4      | Reached **** piety under Trog
  4931 | D:4      | Reached XP level 8. HP: 53/63 MP: 8/8
  5101 | D:5      | Entered Level 5 of the Dungeon
  5120 | D:5      | Reached skill level 10 in Axes
  5566 | D:5      | Found Wocic's Whimsical Warehouse.
  5595 | D:5      | Shot with an arrow by a centaur

Skill      XL: |  1  2  3  4  5  6  7  8 |
---------------+-------------------------+-----
Axes           | 4 5 6 8 9 10 | 10.6
Fighting       | |  3.2
Dodging        | |  2.6

Action                   |  1- 3 |  4- 6 |  7- 9 || total
-------------------------+-------+-------+-------++-------
Melee: Hand axe          |   119 |   433 |   140 ||   692
       Tailslap          |     9 |    95 |    17 ||   121
Invok: Berserk           |     2 |     3 |     3 ||     8
       Trog's Hand       |       |     1 |     1 ||     2
 Abil: Breathe Lightning |       |       |     5 ||     5
  Use: Scroll            |       |     5 |     2 ||     7
  Eat: Chunk             |     3 |     9 |     8 ||    20
       Ration            |       |     1 |       ||     1
Armor: Skin              |    51 |    74 |    53 ||   178
Dodge: Dodged            |   107 |   118 |   106 ||   331
